 Dungeon Crawl Stone Soup version 0.27.0-1-g7a089689b8 (webtiles) character file.

Game seed: 5788338390137637551

100 Gwenloh the Chopper (level 4, 0/35 HPs)
             Began as a Palentonga Warper on Aug 7, 2021.
             Slain by Grinder (6 damage)
             ... on level 3 of the Dungeon.
             The game lasted 00:15:07 (2698 turns).

Gwenloh the Chopper (Palentonga Warper)             Turns: 2698, Time: 00:15:08

Health: 0/35       AC:  9    Str: 15    XL:     4   Next: 46%
Magic:  7/7        EV:  8    Int: 13    God:
Gold:   98         SH:  0    Dex: 10    Spells: 5/7 levels left

rFire    . . .     SeeInvis +   a - +0 hand axe
rCold    . . .     Faith    .   (no shield)
rNeg     . . .     Spirit   .   k - +0 ring mail
rPois    .         Reflect  .   (no helmet)
rElec    .         Harm     .   (no cloak)
rCorr    .         Rampage  .   i - +2 pair of gloves
Will     .....                  (no barding)
Stlth    ..........             (no amulet)
HPRegen  0.11/turn              (no ring)
MPRegen  0.10/turn              (no ring)

@: no status effects
A: large, rugged brown scales 3, see invisible, deformed body, roll 1, armoured
tail
a: Rolling Charge


You were on level 3 of the Dungeon.
You visited 1 branch of the dungeon, and saw 4 of its levels.

You collected 98 gold pieces.

Inventory:

Hand Weapons
 a - a +0 hand axe (weapon)
Missiles
 d - 4 boomerangs of dispersal
 e - 32 stones
 f - 40 bolts
 g - 18 poisoned darts (quivered)
 h - 4 silver javelins
Armour
 b - a +0 leather armour
 i - a +2 pair of gloves (worn)
 k - a +0 ring mail (worn)
Wands
 q - a wand of flame (18)
 r - a wand of mindburst (9)
Scrolls
 c - 2 scrolls of blinking
 j - a scroll of teleportation {unknown}
 l - 2 scrolls of fog {unknown}
 m - a scroll of enchant armour {unknown}
 o - 3 scrolls of noise {unknown}
 p - 2 scrolls of identify {unknown}
Potions
 n - a potion of might {unknown}


   Skills:
 - Level 2.0 Fighting
 * Level 4.1 Axes
 - Level 0.6 Throwing
 + Level 2.0 Armour
 - Level 1.5 Dodging
 - Level 2.0 Spellcasting
 - Level 3.0 Translocations


You had 5 spell levels left.
You knew the following spells:

 Your Spells              Type           Power      Damage    Failure   Level
a - Blink                 Tloc           N/A        N/A       22%         2

Your spell library contained the following spells:

 Spells                   Type           Power      Damage    Failure   Level
 Gell's Gravitas          Tloc           4%         N/A       38%         3
 Lesser Beckoning         Tloc           4%         N/A       38%         3
 Teleport Other           Tloc           9%         N/A       38%         3
 Manifold Assault         Tloc           9%         N/A       98%         5


Dungeon Overview and Level Annotations

Branches:
Dungeon (4/15)
 Temple: D:4-7

Altars:
Fedhas
Ru

Annotations:
D:3 Grinder


Innate Abilities, Weirdness & Mutations

You are completely covered in rugged brown scales. (AC +3, +7% HP)
You have supernaturally acute eyesight. (SInv)
Armour fits poorly on your strangely shaped body.
You can roll at nearby foes to attack.
You have a long armoured tail.


Message History

No target in view!
No target in view!
HP restored.
Found a short sword.
o - 3 scrolls labelled GIBIYV DOHOAGROT (gained 1)
g - 18 poisoned darts (gained 9) Grinder comes into view.
Aiming: Mindburst
Press: ? - help, Shift-Dir - straight line, f - Grinder
Aim: Grinder (chance to affect: 65%) Grinder's mind is blasted!
You hit Grinder.
Grinder is moderately wounded.
Grinder hits you.
You writhe in agony.
You hit Grinder.
Grinder is heavily wounded.
Grinder hits you but does no damage.
You closely miss Grinder.
Grinder is heavily wounded.
Grinder hits you but does no damage.
You hit Grinder.
Grinder is heavily wounded.
Grinder hits you but does no damage.
You hit Grinder.
Grinder is heavily wounded.
Grinder gestures at you. Pain shoots through your body!
You barely miss Grinder.
Grinder is heavily wounded.
Grinder gestures at you.
You barely resist. You hit Grinder but do no damage.
Your tail-slap misses Grinder.
Grinder is heavily wounded.
Grinder hits you.
You writhe in agony.
You hit Grinder. You tail-slap Grinder.
Grinder is severely wounded.
Grinder hits you.
You writhe in agony.
Grinder hits you!
* * * LOW HITPOINT WARNING * * *
You writhe in agony.
You die...

## ... ###. ... #..
##.# ##)######...#
##### ##.##.##... ....
## ...#.#.#†#######..
.. # ##..###<....#....#
.# #.### ##.##
##....#.##.#..#### ...
#.. #.#...#...@5......
##.
#.#.#)##......#.#..####
#.. #.##.# #........#
.# ##. #.##.#
##.###.###..# #.# .##
#. ##.## # #.# #.# ..#
#.##..# #. .... #.# #.#
#.# #.PPP.# #. ##. ..#
#.# #.# #P..PP# #. ###
#.# #.# #P._PP# #. #.#
#.####PPP.P###.


You could see Grinder.

Vanquished Creatures
  Ijyb (D:3)
  2 adders
  2 worms
  A dart slug (D:2)
  5 ball pythons
  4 bats
  2 endoplasms (D:1)
  2 giant cockroaches
  5 goblins
  3 hobgoblins
  3 jackals (D:2)
  6 kobolds
  5 quokkas
  3 frilled lizards
  2 rats (D:1)
46 creatures vanquished.

Vanquished Creatures (others)
  2 fungi (D:4)
  6 plants (D:1)
8 creatures vanquished.

Grand Total: 54 creatures vanquished

Notes
Turn   | Place    | Note
-------+----------+-------------------------------------------
     0 | D:1      | Gwenloh the Palentonga Warper began the quest for the Orb.
     0 | D:1      | Reached XP level 1. HP: 17/17 MP: 3/3
   176 | D:1      | Reached skill level 1 in Armour
   200 | D:1      | Reached XP level 2. HP: 16/23 MP: 5/5
   204 | D:1      | Learned a level 2 spell: Blink
  1342 | D:2      | Reached skill level 3 in Axes
  1496 | D:2      | Reached XP level 3. HP: 28/28 MP: 6/6
  1515 | D:2      | Found a faded altar of an unknown god.
  1525 | D:2      | Became a worshipper of Ru the Awakened
  1526 | D:2      | Fell from the grace of Ru
  1574 | D:2      | You fall into a shaft and drop 2 floors!
  1597 | D:4      | Noticed a kobold brigand
  2078 | D:2      | Reached XP level 4. HP: 34/35 MP: 7/7
  2241 | D:3      | Noticed Ijyb
  2243 | D:3      | Killed Ijyb
  2244 | D:3      | Reached skill level 4 in Axes
  2305 | D:3      | Found a blossoming altar of Fedhas.
  2689 | D:3      | Noticed Grinder
  2698 | D:3      | Slain by Grinder

Illustrated notes

Levels and vault maps discovered:
D:1:      minmay_arrival_widening_spiral_narrow, layout_basic, serial_bayou,
          serial_bayou_pond_d, serial_bayou_ford_a, serial_bayou_pond_a,
          serial_bayou_lagoon_a, minmay_misc_feat_roman
D:2:      layout_basic, basic_ecumenical_altar
D:3:      layout_loops_ring, fedhas_altar_3, minmay_cupped, uniq_grinder,
          uniq_crazy_yiuf_cottage, uniq_ijyb
D:4:      layout_loops_ring, nemelex_spade_bored_becter,
          gammafunk_ghost_nasty_kobolds

Skill      XL: |  1  2  3  4 |
---------------+-------------+-----
Armour         | 1 2 |  2.0
Axes           | 3 4 |  4.1
Fighting       | |  2.0
Throwing       | |  0.6
Dodging        | |  1.5
Spellcasting   | |  2.0
Translocations | |  3.0

Action                   |  1- 3 |  4- 6 || total
-------------------------+-------+-------++-------
Melee: Hand axe          |   120 |    28 ||   148
       Tailslap          |     8 |     4 ||    12
Throw: Stone             |     5 |       ||     5
       Dart              |    26 |     4 ||    30
       Boomerang         |     1 |       ||     1
Invok: Renounce Religion |     1 |       ||     1
 Abil: Rolling Charge    |    36 |     6 ||    42
Evoke: Wand              |       |     1 ||     1
Armor: Leather armour    |    50 |     1 ||    51
       Ring mail         |       |     8 ||     8
Dodge: Dodged            |    56 |     1 ||    57
